Map: [ESL] Royal Blood

Players

BattleB - Winner!

  • Race: Terran Terran
  • Spawn Location: 1:00

Gerald

  • Race: Protoss Protoss
  • Spawn Location: 7:00

Event: ESL SC2 Masters 2023 Summer (Regionals)

VOD

Have the link to the VOD?

Description

Time

  • Played on: May 3, 2023, 10:36 a.m.
  • Length: 6:00

All games in this series

Show
View Real Time Build Order
Export as new Build Order

BattleB Terran - Winner!

Build Orders:  

Get SALT Encoding   

  12  0:00  SCV  
  13  0:12  SCV  
  14  0:17  Supply Depot  
  14  0:24  SCV  
  15  0:38  SCV  
  15  0:39  Barracks  
  16  0:42  Refinery  
  16  0:50  SCV  
  16  0:52  Refinery  
  17  1:02  SCV  
  18  1:15  SCV  
  19  1:26  Reaper  
  19  1:27  Orbital Command  
  20  1:37  Supply Depot  
  20  1:41  Factory  
  20  1:52  SCV  
  21  1:59  Barracks Reactor  
  21  2:04  SCV  
  22  2:16  Command Center  
  22  2:18  SCV  
  23  2:26  Hellion  
  25  2:30  SCV  
  25  2:36  Reaper x2  
  28  2:38  Supply Depot  
  28  2:43  SCV  
  29  2:48  Hellion  
  31  2:54  Starport  
  31  3:00  SCV  
  32  3:08  Marine x2  
  32  3:10  Factory Tech Lab  
  32  3:12  SCV  
  35  3:23  Barracks  
  35  3:24  SCV  
  36  3:30  Siege Tank  
  36  3:32  Marine x2  
  41  3:35  Starport Tech Lab  
  41  3:39  SCV  
  41  3:49  Orbital Command  
  41  3:50  Marine x2  
  44  3:59  Banshee  
  46  4:03  Siege Tank  
  46  4:08  Supply Depot  
  46  4:09  Marine  
  49  4:13  Marine  
  49  4:14  Marine  
  52  4:22  Supply Depot  
  52  4:27  Marine  
  52  4:31  Marine  
  53  4:32  Marine  
  53  4:35  Siege Tank  
  58  4:39  SCV x2  
  58  4:43  Banshee  
  58  4:45  Supply Depot  
  63  4:47  Marine  
  63  4:50  Marine  
  65  4:56  SCV  
  65  4:57  SCV  
  65  4:58  Marine  
  68  5:06  Barracks, Supply Depot  
  68  5:09  Marine x2  
  68  5:13  Siege Tank  
  72  5:18  Marine  
  70  5:26  Bunker  
  70  5:27  Marine  
  71  5:29  Marine  
  71  5:30  Bunker  
  72  5:38  Marine  
  76  5:43  Bunker  
  76  5:46  SCV x2  
Show
View Real Time Build Order
Export as new Build Order

Gerald Protoss 

Build Orders: 1 Gate Expand, Blink Stalkers 

Get SALT Encoding   

  12  0:00  Probe  
  13  0:12  Probe  
  14  0:18  Pylon  
  14  0:24  Probe (Chrono Boost)  
  15  0:37  Probe (Chrono Boost)  
  15  0:41  Gateway  
  16  0:45  Probe (Chrono Boost)  
  16  0:47  Assimilator  
  17  0:53  Probe  
  18  1:05  Probe  
  19  1:17  Probe  
  20  1:28  Cybernetics Core  
  20  1:29  Probe  
  21  1:37  Nexus  
  21  1:45  Assimilator  
  21  1:48  Pylon  
  21  1:52  Probe  
  21  2:03  Stalker (Chrono Boost)  
  21  2:04  Probe  
  24  2:10  Shield Battery  
  24  2:16  Probe, Warp Gate  
  25  2:26  Adept (Chrono Boost)  
  25  2:28  Probe  
  28  2:40  Probe, Twilight Council  
  29  2:50  Probe  
  30  2:51  Adept (Chrono Boost)  
  32  2:59  Probe  
  32  3:02  Robotics Facility  
  32  3:05  Probe  
  34  3:11  Probe  
  35  3:17  Probe, Shield Battery  
  34  3:23  Probe  
  35  3:31  Gateway  
  35  3:32  Probe  
  36  3:35  Probe  
  36  3:38  Blink (Chrono Boost)  
  37  3:44  Probe  
  38  3:48  Probe  
  38  3:50  Observer (Chrono Boost)  
  38  3:53  Assimilator  
  40  3:56  Probe, Assimilator  
  40  3:59  Pylon  
  40  4:01  Probe  
  42  4:03  Observer (Chrono Boost)  
  42  4:04  Gateway  
  42  4:07  Stalker  
  42  4:08  Probe  
  47  4:17  Probe  
  47  4:20  Probe, Pylon  
  48  4:29  Probe  
  49  4:32  Probe  
  49  4:34  Forge, Robotics Bay  
  50  4:39  Stalker  
  50  4:41  Probe  
  54  4:46  Pylon  
  54  4:51  Immortal (Chrono Boost)  
  53  4:59  Shield Battery  
  57  5:01  Gateway  
  57  5:10  Stalker x2  
  57  5:13  Pylon  
  59  5:25  Probe  
  59  5:27  Cybernetics Core  
  63  5:31  Pylon  
  63  5:35  Probe  
  63  5:37  Pylon  
  64  5:44  Probe  
Tags
 
Add a new tag
Caveats
  • Supply blocks, unpowered buildings, or Contaminate may cause inaccurate times.
  • Supply counts are checked every 10 seconds.